 Dungeon Crawl Stone Soup version 0.28-a0-706-gf6f64a616a (webtiles) character file.

Game seed: 9590770478703751880

763 KoroneIsBestGirl the Chiller (level 7, -2/29 (46) HPs)
             Began as a Barachi Ice Elementalist on Oct 24, 2021.
             Was an Initiate of Gozag.
             Slain by a wight (5 damage)
             ... on level 4 of the Dungeon.
             The game lasted 00:08:59 (5317 turns).

KoroneIsBestGirl the Chiller (BaIE)                 Turns: 5317, Time: 00:09:00

HP:   -2/29 (46)    AC:  7    Str: 10    XL:     7   Next: 81%
MP:   0/14          EV: 13    Int: 17    God:    Gozag
Gold: 120           SH:  0    Dex: 18    Spells: 12/16 levels left

rFire   . . .      SeeInvis .   l - +2 dagger (protect)
rCold   . . .      Faith    .   (no shield)
rNeg    . . .      Spirit   +   (no armour)
rPois   .          Reflect  .   (no helmet)
rElec   .          Harm     .   (no cloak)
rCorr   .          Rampage  .   (no gloves)
Will    .....                   (no boots)
Stlth   +++.......              m - amulet "Baekuc" {Spirit Drain Dex+6 Slay+6 Stlth+}
HPRegen 0.09/turn               (no ring)
MPRegen 0.14/turn               (no ring)

@: gold aura, under a protective aura, unable to hop, very heavily drained, slow
A: amphibious, slowness 1, strong legs 1, +LOS
a: Hop, Renounce Religion, Potion Petition, Call Merchant, Bribe Branch


You were on level 4 of the Dungeon.
You worshipped Gozag.
Gozag was aware of your devotion.
You visited 2 branches of the dungeon, and saw 5 of its levels.

You collected 163 gold pieces.
You paid 43 gold pieces to Gozag.

Inventory:

Hand Weapons
 l - a +2 dagger of protection (weapon)
 o - a +0 falchion of holy wrath
Armour
 c - a +0 cloak
Jewellery
 m - the amulet "Baekuc" (around neck) {Spirit Drain Dex+6 Slay+6 Stlth+}
   (You found it on level 4 of the Dungeon)

   [amulet of guardian spirit]

   It causes incoming damage to be divided between your reserves of health and
   magic.
   Dex:       It affects your dexterity (+6).
   Slay:      It affects your accuracy & damage with ranged weapons and melee
   (+6).
   Drain:     It drains your maximum health when unequipped.
   Stlth:     It makes you more stealthy.
Scrolls
 a - a scroll of teleportation {unknown}
 g - a scroll of enchant armour
 i - 4 scrolls of identify
 k - 2 scrolls of enchant weapon
 n - a scroll of magic mapping
Potions
 d - 3 potions of haste
 e - 3 potions of curing
 f - a potion of cancellation
 h - a potion of flight


   Skills:
 + Level 5.7(2.8) Dodging
 - Level 1.7(0.8) Stealth
 + Level 5.2(2.6) Spellcasting
 + Level 7.5(3.7) Ice Magic


You had 12 spell levels left.
You knew the following spells:

 Your Spells              Type           Power      Damage    Failure   Level
a - Freeze                Ice            60%        1d8       3%          1
b - Frozen Ramparts       Ice            30%        1d5       12%         3

Your spell library contained the following spells:

 Spells                   Type           Power      Damage    Failure   Level
 Ozocubu's Armour         Ice            15%        N/A       12%         3
 Animate Skeleton         Necr           4%         N/A       19%         1
 Apportation              Tloc           4%         N/A       19%         1
 Beastly Appendage        Tmut           4%         N/A       19%         1
 Pain                     Necr           8%         1d4       19%         1
 Summon Small Mammal      Summ           8%         N/A       19%         1
 Corpse Rot               Necr/Air       4%         N/A       28%         2
 Slow                     Hex            2%         N/A       28%         2
 Wereblood                Tmut           2%         N/A       28%         2
 Confusing Touch          Hex            2%         N/A       50%         3
 Spider Form              Tmut/Pois      1%         N/A       50%         3
 Vampiric Draining        Necr           1%         2d6       50%         3
 Hailstorm                Conj/Ice       8%         3d4       63%         4
 Dispel Undead            Necr           2%         3d7       88%         4
 Death Channel            Necr           1%         N/A       100%        6


Dungeon Overview and Level Annotations

Branches:
Dungeon (4/15)             Temple (1/1) D:4

Altars:
Ashenzari
Cheibriados
Dithmenos
Gozag
Hepliaklqana
Makhleb
Okawaru
Qazlal
Ru
Sif Muna
Trog
Uskayaw
Vehumet
Wu Jian
Xom
Yredelemnul
Zin
The Shining One

Shops:
D:1 [


Innate Abilities, Weirdness & Mutations

You are amphibious.
You cover ground slowly.
You can hop short distances.
You have an extended range of vision and can be seen from far away.


Message History

The wight is severely damaged.
The wight completely resists.
The wall freezes the wight but does no damage.
The wight hits you with a +1 falchion of freezing!
You feel drained. The wight freezes you.
* * * LOW HITPOINT WARNING * * *
The wight completely resists.
The wall freezes the wight but does no damage.
You feel much better.
The wight completely resists.
The wall freezes the wight but does no damage.
The wight misses you.
The wight completely resists.
The wall freezes the wight but does no damage.
You hit the wight.
The wight is almost destroyed.
The wight resists.
The wall freezes the wight.
The wight hits you with a +1 falchion of freezing.
You feel drained. The wight freezes you.
The wight completely resists.
The wall freezes the wight but does no damage.
You hit the wight.
You destroy the wight!
The wight completely resists.
The wall freezes the wight but does no damage.
You puncture the wight!
The wight is heavily damaged.
The wight resists.
The wall freezes the wight.
The wight hits you with a +4 mace.
You barely miss the wight.
The wight is heavily damaged.
The wight completely resists.
The wall freezes the wight but does no damage.
The wight hits you with a +4 mace!
You feel drained.
You hit the wight.
The wight is severely damaged.
The frozen ramparts melt away.
The wight hits you with a +4 mace!
* * * LOW HITPOINT WARNING * * *
You hit the wight.
The wight is severely damaged.
The wight hits you with a +4 mace.
You die...
Your body crumbles into a pile of gold.

....................#
..#...##..#####.#.###
......##..#####.#.#
#.###............[# #.#
####..#####.### #####
...#####..#####.# #....
................# #.###
...#####..########## #.#
#### #.......z@.># #.#
##.########.# #.# #.# #.#
####.### ###.# #.# #.......
#..z# #.#######.#....#
#.#.## #....÷........#.
#....## ####....÷....####.
#..#..####...........####..
#..###.z...........#...##...


You could see a wight.

Vanquished Creatures
  Sigmund (D:4)
  Eustachio (D:4)
  Menkaure (D:4)
  A scorpion (D:4)
  2 wights (D:4)
  A howler monkey (D:4)
  An iguana (D:4)
  An orc wizard (D:3)
  A howler monkey zombie (D:3)
  3 gnolls (D:4)
  3 adders
  An ufetubus (D:4)
  A worm (D:2)
  A dart slug (D:1)
  6 orcs
  2 bats (D:1)
  3 endoplasms
  2 giant cockroaches (D:2)
  8 goblins
  7 hobgoblins
  3 quokkas
  7 ball pythons
  2 frilled lizards
  5 kobolds
  10 rats
74 creatures vanquished.

Vanquished Creatures (others)
  9 plants (D:4)
9 creatures vanquished.

Grand Total: 83 creatures vanquished

Notes
Turn   | Place    | Note
-------+----------+-------------------------------------------
     0 | D:1      | KoroneIsBestGirl the Barachi Ice Elementalist began the
                  | quest for the Orb.
     0 | D:1      | Reached XP level 1. HP: 13/13 MP: 3/3
    30 | D:1      | Found a faded altar of an unknown god.
    46 | D:1      | Got Plato's Catalogue of Dark Magic
    47 | D:1      | Prayed at the altar of an unknown god.
    47 | D:1      | Became a worshipper of Ashenzari the Shackled
   290 | D:1      | Found Rasixoli's Antique Armour Shop.
   550 | D:1      | Reached skill level 5 in Ice Magic
   550 | D:1      | Reached XP level 2. HP: 18/19 MP: 0/5
  1426 | D:2      | Reached XP level 3. HP: 24/24 MP: 5/7
  1663 | D:2      | Learned a level 3 spell: Frozen Ramparts
  2576 | D:3      | Reached XP level 4. HP: 30/30 MP: 6/8
  2836 | D:3      | Reached * piety under Ashenzari
  3250 | D:3      | Found a sacrificial altar of Ru.
  3252 | D:3      | Found a radiant altar of Vehumet.
  3497 | D:4      | Identified the amulet "Baekuc" {Spirit Drain Dex+6 Slay+6
                  | Stlth+}
  3517 | D:4      | Noticed a scorpion
  3528 | D:4      | Killed a scorpion
  3529 | D:4      | Reached skill level 6 in Ice Magic
  3529 | D:4      | Reached XP level 5. HP: 31/35 MP: 4/10
  3639 | D:4      | Noticed Menkaure
  3648 | D:4      | Noticed Eustachio
  3688 | D:4      | Killed Menkaure
  3689 | D:4      | Reached XP level 6. HP: 18/41 MP: 1/12
  4222 | D:4      | Killed Eustachio
  4223 | D:4      | Reached XP level 7. HP: 33/46 MP: 4/13
  4314 | D:4      | Noticed Sigmund
  4332 | D:4      | Reached skill level 5 in Dodging
  4332 | D:4      | Killed Sigmund
  4333 | D:4      | Reached skill level 5 in Spellcasting
  4333 | D:4      | Reached skill level 7 in Ice Magic
  4548 | D:4      | Found a staircase to the Ecumenical Temple.
  4560 | Temple   | Entered the Ecumenical Temple
  4565 | Temple   | Fell from the grace of Ashenzari
  4565 | Temple   | Became a worshipper of Gozag Ym Sagoz the Greedy
  5317 | D:4      | Slain by a wight

Illustrated notes

Levels and vault maps discovered:
D:1:      minmay_arrival_diagonal_passages, layout_basic, serial_shops,
          shop_fountains, shapermc_ecumenical_altar_rom_forum,
          serial_bayou_pond_d
D:2:      layout_loops_ring, minmay_tromino_v4_c
D:3:      layout_basic, nicolae_overflow_hidden_temple, serial_corexii_hall,
          chequers_hall_statues_wall_a, corexii_hall_statues_t,
          grunt_decor_arrowhead
D:4:      layout_loops_ring, nemelex_diamond_rough_becter,
          minmay_temple_entry_wispy, kennysheep_boxes, uniq_sigmund,
          uniq_menkaure, uniq_eustachio
Temple:   minmay_freezing_vapour_temple

Skill      XL: |  1  2  3  4  5  6  7 |
---------------+----------------------+-----
Ice Magic      | 5 6 7 |  7.5
Dodging        | 3 4 5 |  5.7
Spellcasting   | 3 4 5 |  5.2
Stealth        | |  1.7

Action                   |  1- 3 |  4- 6 |  7- 9 || total
-------------------------+-------+-------+-------++-------
Melee: Dagger            |    20 |    21 |    26 ||    67
 Cast: Freeze            |    61 |    22 |     6 ||    89
       Frozen Ramparts   |       |     4 |     3 ||     7
Invok: Curse Item        |     1 |     1 |       ||     2
 Abil: Hop               |     1 |     2 |     2 ||     5
  Use: Potion            |       |       |     3 ||     3
 Stab: Sleeping          |       |       |     1 ||     1
Armor: Robe              |    15 |     8 |     1 ||    24
Dodge: Dodged            |    53 |    23 |    30 ||   106

Table legend: (Time is in decaauts)
 A = Elapsed time spent in this place.
 B = Non-inter-level travel time spent in this place.
 C = Inter-level travel time spent in this place.
 D = Time resting spent in this place.
 E = Time spent auto-exploring this place.
 F = Levels seen in this place.
 G = Mean time per level.
                   A        B        C        D        E       F      G
               +--------+--------+--------+--------+--------+-----+--------+
         Total |   5809 |   5567 |    242 |    905 |   3977 |   5 | 1161.8 |
       Dungeon |   5391 |   5159 |    232 |    505 |   3977 |   4 | 1347.8 |
        Temple |    417 |    408 |      9 |    400 |      0 |   1 |  417.0 |
               +--------+--------+--------+--------+--------+-----+--------+

Top non-repeatable levels by time:
     D:3: 2021 daAuts
     D:1: 1364 daAuts
     D:2: 1047 daAuts
     D:4: 958 daAuts
  Temple: 417 daAuts
